 Dungeon Crawl Stone Soup version 0.22-a0-612-gd2f0174 (webtiles) character file.

33042 magipi the Nimble (level 13, -5/90 HPs)
             Began as a Gnoll Arcane Marksman on July 11, 2018.
             Was the Champion of Hepliaklqana.
             Slain by a large abomination (17 damage)
             ... on level 3 of the Abyss.
             The game lasted 01:39:18 (18635 turns).

magipi the Nimble (Gnoll Arcane Marksman)          Turns: 18635, Time: 01:39:18

Health: -5/90      AC: 20    Str: 12      XL:     13   Next: 68%
Magic:  24/25      EV: 14    Int: 18 (20) God:    Hepliaklqana [******]
Gold:   1391       SH:  0    Dex: 15      Spells: 24/29 levels left

rFire    + . .     SeeInvis .   a - +5 lajatang (elec)
rCold    + . .     Gourm    .   (shield currently unavailable)
rNeg     + . .     Faith    .   W - +6 scale mail of Bedevilment {rElec rC+ MR+ rCorr}
rPois    +         Spirit   .   (no helmet)
rElec    +         Reflect  .   s - +2 cloak {rPois}
rCorr    +         Harm     .   R - +2 pair of gloves of Abstinence {rF+}
MR       +....                  A - +1 pair of boots
Stlth    +++.......             r - amulet of regeneration
HPRegen  0.65/turn              (no ring)
MPRegen  0.19/turn              n - ring of positive energy

@: slowed, drained, very slow
A: distributed training, reduced essence, fangs 1, deformed body, mutation
resistance 1, weak 1, strong nose
a: Recall Ancestor, Ancestor Identity, Transference, Idealise, Renounce Religion


You were on level 3 of the Abyss.
You worshipped Hepliaklqana.
Hepliaklqana was exalted by your worship.
You were not hungry.

You visited 2 branches of the dungeon, and saw 18 of its levels.
You visited the Abyss 1 time.
You also visited: Ossuary.

You collected 1629 gold pieces.
You spent 238 gold pieces at shops.

Inventory:

Hand Weapons
 a - a +5 lajatang of electrocution (weapon)
   (You acquired it on level 1 of the Lair of Beasts)
 b - a +3 triple crossbow of velocity
   (You acquired it on level 1 of the Lair of Beasts)
 e - the +4 short sword "Spiderslayer" {freeze, rElec rPois rF- rN+}
   (You found it on level 12 of the Dungeon)

   It has been specially enchanted to freeze those struck by it, causing extra
   injury to most foes and up to half again as much damage against particularly
   susceptible opponents.
   It can also slow down cold-blooded creatures.
   It makes you vulnerable to fire.
   It insulates you from electricity.
   It protects you from poison.
   It protects you from negative energy.
 w - a +2 dagger of venom
   (You found it on level 1 of the Dungeon)
 M - a +2 quarterstaff of protection
   (You found it on level 1 of the Lair of Beasts)
Missiles
 d - 57 bolts
 y - 8 javelins (quivered)
 J - 5 throwing nets
Armour
 s - a +2 cloak of poison resistance (worn)
   (You took it off Crazy Yiuf on level 3 of the Dungeon)
 A - a +1 pair of boots (worn)
   (You found it on level 4 of the Dungeon)
 L - a +2 ring mail of fire resistance
   (You bought it in a shop on level 8 of the Dungeon)
 R - the +2 pair of gloves of Abstinence (worn) {rF+}
   (You acquired it on level 3 of the Lair of Beasts)

   It protects you from fire.
 W - the +6 scale mail of Bedevilment (worn) {rElec rC+ MR+ rCorr}
   (You found it on level 4 of the Lair of Beasts)

   It protects you from cold.
   It insulates you from electricity.
   It affects your resistance to hostile enchantments.
   It provides partial protection from all sources of acid and corrosion.
Jewellery
 n - a ring of positive energy (right hand)
   (You found it on level 4 of the Lair of Beasts)
 r - an amulet of regeneration (around neck)
   (You took it off a hobgoblin on level 1 of the Dungeon)
 S - an uncursed amulet of guardian spirit
   (You found it on level 3 of the Lair of Beasts)
Wands
 g - a wand of flame (85)
   (You took it off Sigmund on level 3 of the Dungeon)
 k - a wand of clouds (2)
   (You found it on level 5 of the Dungeon)
 E - a wand of enslavement (9)
   (You found it on level 7 of the Dungeon)
 K - a wand of iceblast (14)
   (You took it off a gnoll on level 8 of the Dungeon)
 P - a wand of polymorph (13)
   (You found it on level 12 of the Dungeon)
Scrolls
 c - a scroll of enchant weapon
 h - 5 scrolls of remove curse
 i - 4 scrolls of noise
 j - 5 scrolls of identify
 m - 9 scrolls of teleportation
 q - 2 scrolls of enchant armour
 t - a scroll of vulnerability
 z - 4 scrolls of blinking
 C - 2 scrolls of magic mapping
 H - 2 scrolls of fear
 O - a scroll of holy word {unknown}
 T - a scroll of random uselessness {unknown}
 X - a scroll of brand weapon {unknown}
 Y - a scroll of fog
Potions
 l - 2 potions of cancellation
 p - 4 potions of flight
 u - 3 potions of brilliance
 v - 6 potions of curing
 x - 3 potions of berserk rage
 B - 4 potions of lignification
 D - a potion of magic
 F - 4 potions of might
 I - 2 potions of mutation
 N - a potion of ambrosia
 Q - a potion of haste
Miscellaneous
 V - a sack of spiders
Comestibles
 f - 54 rations


   Skills:
 + Level 8.8(8.6) Fighting
 + Level 8.3(8.1) Short Blades
 + Level 8.3(8.1) Long Blades
 + Level 8.3(8.1) Axes
 + Level 8.3(8.1) Maces & Flails
 + Level 8.3(8.1) Polearms
 + Level 8.3(8.1) Staves
 + Level 8.3(8.1) Slings
 + Level 8.3(8.1) Bows
 + Level 9.6(9.3) Crossbows
 + Level 8.3(8.1) Throwing
 + Level 8.3(8.1) Armour
 + Level 9.6(9.3) Dodging
 + Level 8.3(8.1) Stealth
 + Level 8.3(8.1) Shields
 + Level 8.3(8.1) Unarmed Combat
 + Level 8.9(8.6) Spellcasting
 + Level 7.0(6.7) Conjurations
 + Level 9.0(8.7) Hexes
 + Level 7.0(6.7) Charms
 + Level 7.0(6.7) Summonings
 + Level 7.0(6.7) Necromancy
 + Level 7.0(6.7) Translocations
 + Level 7.0(6.7) Transmutations
 + Level 7.0(6.7) Fire Magic
 + Level 7.0(6.7) Ice Magic
 + Level 7.0(6.7) Air Magic
 + Level 7.0(6.7) Earth Magic
 + Level 7.0(6.7) Poison Magic
 + Level 9.1(8.9) Invocations
 + Level 8.3(8.1) Evocations


You had 24 spell levels left.
You knew the following spells:

 Your Spells              Type           Power        Failure   Level  Hunger
a - Apportation           Tloc           ####..       2%          1    None
e - Animate Skeleton      Necr           N/A          2%          1    None
p - Portal Projectile     Hex/Tloc       #####.       4%          3    None

Your spell library contained the following spells:

 Spells                   Type           Power        Failure   Level  Hunger
 Cause Fear               Hex            #####.....   10%         4    ###....
 Slow                     Hex            #####...     1%          2    None
 Confuse                  Hex            #####...     3%          3    None
 Mephitic Cloud           Conj/Pois/Air  ####....     7%          3    None
 Venom Bolt               Conj/Pois      ####......   54%         5    #####..
 Olgreb's Toxic Radiance  Pois           ####....     22%         4    ###....
 Summon Small Mammal      Summ           ####         2%          1    None
 Sting                    Conj/Pois      ####         2%          1    None
 Tukima's Dance           Hex            #####...     3%          3    None
 Confusing Touch          Hex            #####.       1%          1    None
 Ensorcelled Hibernation  Hex/Ice        #####.       2%          2    None
 Corona                   Hex            #####..      1%          1    None
 Leda's Liquefaction      Hex/Erth       #####.....   16%         4    ###....
 Inner Flame              Hex/Fire       #####...     4%          3    None
 Dazzling Spray           Conj/Hex       #####.       4%          3    None
 Poisonous Vapours        Pois/Air       ####..       3%          2    None


Dungeon Overview and Level Annotations

Branches:
Dungeon (12/15)            Temple (0/1) D:6            Lair (6/6) D:10
 Shoals (0/4) Lair:2        Snake (0/4) Lair:3          Orc (0/2) D:10
  Slime: Lair:5-6

Altars:
Ashenzari
Fedhas
Gozag
Hepliaklqana
Kikubaaqudgha
Makhleb
Nemelex Xobeh
Ru
Sif Muna
Trog
Uskayaw
Vehumet
Wu Jian
Yredelemnul
Zin
The Shining One

Shops:
D:4 ?   D:8 [   D:12 *

Annotations:
D:12 3 runed doors, exclusion: obsidian statue, Penuqu's ghost, journeyman DsVM
Lair:6 Josephine


Innate Abilities, Weirdness & Mutations

Your experience applies equally to all skills.
You have very sharp teeth.
Your uncanny sense of smell can sniff out nearby items.
Your life essence is reduced to manifest your ancestor. (-10% HP)
Armour fits poorly on your strangely shaped body.
You are somewhat resistant to further mutation.
You are weak. (Str -2)


Message History

The neqoxec hits you but does no damage.
Unknown command.
You slash the neqoxec! Lightning courses through the neqoxec!
You kill the neqoxec!
Your Conjurations skill increases to level 7!
Your Hexes skill increases to level 9!
Your Charms skill increases to level 7!
Your Summonings skill increases to level 7!
Your Necromancy skill increases to level 7!
Your Translocations skill increases to level 7!
Your Transmutations skill increases to level 7!
Your Fire Magic skill increases to level 7!
Your Ice Magic skill increases to level 7!
Your Air Magic skill increases to level 7!
Your Earth Magic skill increases to level 7!
Your Poison Magic skill increases to level 7!
Unknown command.
Unknown command.
Unknown command.
The eidolon hits you! The eidolon drains your vigour!
You feel yourself slow down.
The eidolon hits you but does no damage.
You see here a raiju corpse.
You slash the eidolon! Lightning courses through the eidolon!
Your bite misses the eidolon.
The eidolon is heavily damaged.
The eidolon hits you but does no damage.
The eidolon hits you.
Your scale mail of Bedevilment prevents you from hitting the eidolon.
The eidolon is heavily damaged.
The eidolon closely misses you. The eidolon hits you!
The eidolon hits you but does no damage. x2
You hit the eidolon.
The eidolon is heavily damaged.
The eidolon hits you but does no damage. x2
You hit the eidolon but do no damage.
The eidolon is heavily damaged.
The eidolon hits you but does no damage. x2
The eidolon barely misses you. The eidolon hits you.
You slash the eidolon!
The eidolon is heavily damaged.
The eidolon hits you but does no damage. x2
You slash the eidolon! You bite the eidolon, but do no damage.
The eidolon is severely damaged.
The eidolon stares piercingly at you. The bolt of negative energy misses you.
The eidolon stares piercingly at you. The bolt of negative energy hits you!
You partially resist.
You feel drained.
You closely miss the eidolon.
The eidolon is severely damaged.
The eidolon hits you but does no damage.
The eidolon misses you.
A large abomination comes into view.
You hit the eidolon. Lightning courses through the eidolon!
The eidolon is severely damaged.
The eidolon hits you! The eidolon drains your vigour!
You feel as though you will be slow longer.
The eidolon hits you but does no damage.
The eidolon hits you! The eidolon drains your vigour!
You feel as though you will be slow longer.
The eidolon closely misses you.
You hit the eidolon but do no damage.
The eidolon is severely damaged.
The eidolon hits you!
* * * LOW HITPOINT WARNING * * *
The eidolon hits you but does no damage.
You feel much better. The eidolon hits you!!
* * * LOW HITPOINT WARNING * * *
The eidolon completely misses you. The eidolon hits you.
* * * LOW HITPOINT WARNING * * *
The eidolon drains your vigour!
You feel as though you will be slow longer.
The eidolon hits you but does no damage.
Bohike is recalled.
The eidolon stares piercingly at you. The bolt of negative energy misses you.
Unknown command.
You hit the eidolon but do no damage. You bite the eidolon, but do no damage.
The eidolon is severely damaged.
The large abomination hits you but does no damage.
The eidolon hits you!
* * * LOW HITPOINT WARNING * * *
The eidolon hits you but does no damage.
Bohike barely misses the eidolon.
The large abomination closely misses you.
The eidolon hits you but does no damage.
The eidolon closely misses you.
Unknown command.
You swap places.
Bohike hits the eidolon with a dagger of draining.
The eidolon hits you.
* * * LOW HITPOINT WARNING * * *
The eidolon hits you but does no damage.
Bohike barely misses the eidolon.
Unknown command.
The eidolon gestures.
The eidolon radiates an aura of fear!
You resist with some effort.
Bohike hits the eidolon but does no damage.
The large abomination hits you!
You die...

# # # . .. #
.. # . ... # #
∆ # # ...#. #
. .......###
.......@###
......#..X.###
....
#.#WR.†### ##
. . .
#####....##. .
... #
.#........ . .
. #..###...#..
# # #. ##.#.
... ∆ # # ...
.. . .....#


You could see the friendly Bohike the hexer, an eidolon and a large abomination.

Vanquished Creatures
  An ice dragon (Lair:5)
  3 hydras
  A two-headed ogre (D:9)
  A death knight (D:12)
  2 wretched stars
  A cyclops (D:8)
  2 ugly things (D:11)
  A merfolk siren (Lair:2)
  A guardian serpent (Abyss:3)
  A shock serpent zombie (Abyss:2)
  A black mamba (Lair:5)
  6 spiny frogs
  A large abomination (Abyss:2)
  2 smoke demons
  A gargoyle (D:10)
  3 komodo dragons
  A rime drake (Lair:3)
  A troll (D:12)
  An ancient zyme (Abyss:3)
  3 blink frogs (Lair:1)
  2 small abominations
  5 raiju
  4 hippogriffs
  9 yaks
  2 wyverns
  Sigmund (D:3)
  2 shadows (D:12)
  2 basilisks
  2 wraiths (Lair:5)
  A hungry ghost (D:10)
  Grum (D:8)
  A neqoxec (Abyss:3)
  A naga (Lair:3)
  An insubstantial wisp (Abyss:3)
  A soldier ant (D:12)
  4 water moccasins
  3 porcupines
  4 orc warriors
  4 sky beasts
  4 ice beasts
  3 phantoms
  A necrophage (D:11)
  A black bear (D:9)
  5 ogres
  8 wolves
  5 centaurs
  7 crocodiles
  2 elf zombies (Ossuary)
  11 bullfrogs
  A gnoll sergeant (D:9)
  A wyvern skeleton (D:12)
  5 scorpions
  6 howler monkeys
  2 crimson imps
  A quasit (Abyss:2)
  3 hounds
  7 orc priests
  A centaur skeleton (D:12)
  A centaur zombie (Ossuary)
  A human zombie (Ossuary)
  Crazy Yiuf (D:3)
  2 gnoll shamans (D:8)
  3 jellies
  12 orc wizards
  An iron imp (Abyss:3)
  An iguana (D:7)
  7 worker ants
  Terence (D:2)
  A big kobold zombie (Ossuary)
  2 hound skeletons
  2 mummies (Ossuary)
  18 gnolls
  A howler monkey skeleton (D:5)
  18 adders
  A river rat (Lair:2)
  2 shadow imps
  2 white imps (Lair:5)
  2 oozes
  4 adder zombies (Ossuary)
  3 adder skeletons
  5 worms
  A dart slug (D:2)
  5 leopard geckos
  37 orcs
  A ball python (D:4)
  6 bats
  2 bat skeletons (D:9)
  2 bat zombies (D:9)
  4 giant cockroaches
  13 goblins
  13 hobgoblins
  10 jackals
  11 kobolds
  2 quokkas
  A ball python skeleton (D:4)
  7 frilled lizards
  2 goblin zombies (Ossuary)
  6 hobgoblin zombies (Ossuary)
  A jackal skeleton (D:7)
  A jackal zombie (Ossuary)
  9 kobold zombies (Ossuary)
  A leopard gecko skeleton (D:4)
  10 orc zombies (Ossuary)
  4 rats
398 creatures vanquished.

Vanquished Creatures (collateral kills)
  3 two-headed ogres
  A black mamba (Lair:2)
  A manticore (D:11)
  A cyclops (D:11)
  A gargoyle (D:10)
  A spiny frog (Lair:2)
  A centaur skeleton (D:11)
  A troll (D:10)
  A komodo dragon (Lair:2)
  2 hippogriffs
  16 yaks
  2 wraiths
  2 basilisks
  A water moccasin (Lair:4)
  2 porcupines (Lair:4)
  A sky beast (D:9)
  2 phantoms
  A swamp drake (D:10)
  A black bear (D:12)
  A necrophage (D:11)
  6 wolves
  An ogre (D:10)
  2 crocodiles
  3 bullfrogs
  A wyvern zombie (D:6)
  A vampire bat (D:9)
  A howler monkey (D:10)
  A crimson imp (D:10)
  A centaur zombie (D:8)
  A jelly (D:9)
  3 orc priests
  A hound (D:7)
  A gnoll shaman (D:8)
  2 orc wizards
  A worker ant (D:8)
  2 hound skeletons
  A worker ant zombie (D:5)
  10 gnolls
  4 adders
  A white imp (Lair:5)
  2 leopard geckos
  19 orcs
  A bat zombie (D:9)
  A quokka (D:8)
  2 fungi
111 creatures vanquished.

Vanquished Creatures (others)
  A large abomination (Abyss:2)
  5 hexers
  2 ancestors (D:7)
  A fungus (Lair:3)
  4 plants (D:10)
13 creatures vanquished.

Grand Total: 522 creatures vanquished

Notes
Turn   | Place    | Note
-------+----------+-------------------------------------------
     0 | D:1      | magipi the Gnoll Arcane Marksman began the quest for the Orb.
     0 | D:1      | Reached XP level 1. HP: 17/17 MP: 4/4
    97 | D:1      | Reached XP level 2. HP: 20/23 MP: 5/5
   352 | D:1      | Reached XP level 3. HP: 28/28 MP: 7/7
   564 | D:1      | You fall through a shaft!
   570 | D:2      | Found a hide-covered altar of Uskayaw.
   603 | D:1      | Gained mutation: Scrolls take you a little longer to read. [potion of mutation]
   603 | D:1      | Gained mutation: You have an increased reservoir of magic. (+10% MP) [potion of mutation]
   603 | D:1      | Gained mutation: You are robust. (+10% HP) [potion of mutation]
   607 | D:1      | Reached skill level 1 in Invocations
   627 | D:1      | Reached skill level 1 in Short Blades
   627 | D:1      | Reached skill level 1 in Long Blades
   627 | D:1      | Reached skill level 1 in Axes
   627 | D:1      | Reached skill level 1 in Maces & Flails
   627 | D:1      | Reached skill level 1 in Polearms
   627 | D:1      | Reached skill level 1 in Staves
   627 | D:1      | Reached skill level 1 in Slings
   627 | D:1      | Reached skill level 1 in Bows
   627 | D:1      | Reached skill level 1 in Throwing
   627 | D:1      | Reached skill level 1 in Armour
   627 | D:1      | Reached skill level 1 in Stealth
   627 | D:1      | Reached skill level 1 in Shields
   627 | D:1      | Reached skill level 1 in Unarmed Combat
   627 | D:1      | Reached skill level 1 in Evocations
   630 | D:1      | HP: 1/30 [jackal (2)]
  1056 | D:1      | Reached XP level 4. HP: 37/37 MP: 9/9
  1634 | D:2      | Reached skill level 1 in Conjurations
  1634 | D:2      | Reached skill level 1 in Charms
  1634 | D:2      | Reached skill level 1 in Summonings
  1634 | D:2      | Reached skill level 1 in Necromancy
  1634 | D:2      | Reached skill level 1 in Translocations
  1634 | D:2      | Reached skill level 1 in Transmutations
  1634 | D:2      | Reached skill level 1 in Fire Magic
  1634 | D:2      | Reached skill level 1 in Ice Magic
  1634 | D:2      | Reached skill level 1 in Air Magic
  1634 | D:2      | Reached skill level 1 in Earth Magic
  1634 | D:2      | Reached skill level 1 in Poison Magic
  1669 | D:2      | Noticed Terence
  1769 | D:1      | Reached XP level 5. HP: 43/44 MP: 10/10
  2199 | D:2      | Killed Terence
  2640 | D:2      | Reached XP level 6. HP: 24/51 MP: 12/12
  3052 | D:3      | Noticed Sigmund
  3201 | D:3      | Killed Sigmund
  3201 | D:3      | Reached skill level 5 in Crossbows
  3201 | D:3      | Reached skill level 5 in Dodging
  3201 | D:3      | Reached XP level 7. HP: 33/57 MP: 13/13
  3432 | D:3      | Found a runed door.
  3437 | D:3      | Noticed Crazy Yiuf
  3440 | D:3      | Killed Crazy Yiuf
  3891 | D:3      | Found a blossoming altar of Fedhas.
  4080 | D:4      | Found a glowing golden altar of the Shining One.
  4120 | D:4      | Found Siynor's Magic Scroll Shoppe.
  4428 | D:4      | Found a sand-covered staircase.
  4436 | Ossuary  | Entered an ossuary
  4729 | Ossuary  | Reached XP level 8. HP: 61/66 MP: 15/15
  4934 | D:4      | Found a hazy altar of Hepliaklqana.
  4966 | D:4      | Found a bloodstained altar of Trog.
  4973 | D:4      | Found a burning altar of Makhleb.
  4975 | D:4      | Found a glowing silver altar of Zin.
  5134 | D:5      | Entered Level 5 of the Dungeon
  5134 | D:5      | Found a shattered altar of Ashenzari.
  5379 | D:5      | Learned a level 3 spell: Portal Projectile
  5437 | D:4      | Became a worshipper of Hepliaklqana the Forgotten
  5906 | D:5      | Found a sacrificial altar of Ru.
  6011 | D:5      | Found a basalt altar of Yredelemnul.
  6259 | D:6      | Found a staircase to the Ecumenical Temple.
  6259 | D:6      | Found a radiant altar of Vehumet.
  6574 | D:6      | Reached XP level 9. HP: 47/66 MP: 17/17
  6682 | D:6      | Found a hide-covered altar of Uskayaw.
  6717 | D:6      | Found an ornate altar of the Wu Jian Council.
  6725 | D:6      | Learned a level 1 spell: Apportation
  6727 | D:6      | Learned a level 1 spell: Animate Skeleton
  6888 | D:6      | Reached * piety under Hepliaklqana
  7077 | D:6      | Reached skill level 5 in Spellcasting
  7117 | D:6      | Found a deep blue altar of Sif Muna.
  7252 | D:7      | Reached skill level 5 in Fighting
  7546 | D:7      | Noticed a two-headed ogre
  7558 | D:7      | Reached skill level 5 in Invocations
  7597 | D:7      | Killed a two-headed ogre
  7597 | D:7      | Reached XP level 10. HP: 51/74 MP: 18/20
  8201 | D:7      | Noticed an eight-headed hydra
  8220 | D:7      | Killed an eight-headed hydra
  8220 | D:7      | Reached skill level 5 in Short Blades
  8220 | D:7      | Reached skill level 5 in Long Blades
  8220 | D:7      | Reached skill level 5 in Axes
  8220 | D:7      | Reached skill level 5 in Maces & Flails
  8220 | D:7      | Reached skill level 5 in Polearms
  8220 | D:7      | Reached skill level 5 in Staves
  8220 | D:7      | Reached skill level 5 in Slings
  8220 | D:7      | Reached skill level 5 in Bows
  8220 | D:7      | Reached skill level 5 in Throwing
  8220 | D:7      | Reached skill level 5 in Armour
  8220 | D:7      | Reached skill level 5 in Stealth
  8220 | D:7      | Reached skill level 5 in Shields
  8220 | D:7      | Reached skill level 5 in Unarmed Combat
  8220 | D:7      | Reached skill level 5 in Evocations
  8757 | D:8      | Reached ** piety under Hepliaklqana
  8991 | D:8      | Found Ufaest's Antique Armour Shop.
  9018 | D:8      | Noticed a two-headed ogre
  9040 | D:8      | Killed a two-headed ogre
  9067 | D:8      | Noticed a cyclops
  9200 | D:9      | Remembered your ancestor Bohike as a hexer
  9356 | D:9      | Found a deep blue altar of Sif Muna.
  9696 | D:8      | Noticed Grum
  9712 | D:8      | Killed Grum
  9850 | D:8      | Killed a cyclops
  9850 | D:8      | Reached XP level 11. HP: 82/82 MP: 22/22
  9984 | D:8      | Bought a runed ring mail for 238 gold pieces
 10641 | D:9      | Found an ancient bone altar of Kikubaaqudgha.
 10771 | D:9      | Noticed a two-headed ogre
 10773 | D:9      | Killed a two-headed ogre
 11016 | D:9      | Reached skill level 5 in Conjurations
 11016 | D:9      | Reached skill level 5 in Charms
 11016 | D:9      | Reached skill level 5 in Summonings
 11016 | D:9      | Reached skill level 5 in Necromancy
 11016 | D:9      | Reached skill level 5 in Translocations
 11016 | D:9      | Reached skill level 5 in Transmutations
 11016 | D:9      | Reached skill level 5 in Fire Magic
 11016 | D:9      | Reached skill level 5 in Ice Magic
 11016 | D:9      | Reached skill level 5 in Air Magic
 11016 | D:9      | Reached skill level 5 in Earth Magic
 11016 | D:9      | Reached skill level 5 in Poison Magic
 11078 | D:10     | Entered Level 10 of the Dungeon
 11116 | D:10     | Reached *** piety under Hepliaklqana
 11366 | D:10     | Found a staircase to the Lair.
 11987 | D:10     | Found a staircase to the Orcish Mines.
 12342 | D:11     | Found a sparkling altar of Nemelex Xobeh.
 12415 | D:11     | Reached **** piety under Hepliaklqana
 12462 | D:11     | Noticed a manticore
 12476 | D:11     | Noticed a purple ugly thing
 12481 | D:11     | Noticed a purple ugly thing
 12561 | D:11     | Found a frozen archway.
 13008 | D:11     | Killed a manticore
 13092 | D:11     | Noticed a cyclops
 13105 | D:11     | Killed a cyclops
 13105 | D:11     | Reached XP level 12. HP: 55/91 MP: 25/25
 13110 | D:11     | Noticed a two-headed ogre
 13422 | D:11     | Killed a two-headed ogre
 13495 | D:12     | Noticed a death knight
 13991 | D:12     | Killed a death knight
 14203 | D:12     | Found a runed gate.
 14203 | D:12     | Found a runed gate.
 14204 | D:12     | Found a runed gate.
 14222 | D:12     | Found an opulent altar of Gozag.
 14222 | D:12     | Found Kibbiom's Assorted Antiques.
 14222 | D:12     | Noticed Penuqu's ghost (journeyman DsVM)
 14222 | D:12     | Noticed a sphinx
 14344 | D:12     | Identified the +4 short sword "Spiderslayer" {freeze, rElec rPois rF- rN+} (You found it on level 12 of the Dungeon)
 14417 | Lair:1   | Entered Level 1 of the Lair of Beasts
 14422 | Lair:1   | Identified 2 scrolls of acquirement
 14474 | Lair:1   | Noticed a five-headed hydra
 14479 | Lair:1   | Killed a five-headed hydra
 14809 | Lair:1   | Reached ***** piety under Hepliaklqana
 15395 | Lair:2   | Noticed a five-headed hydra
 15556 | Lair:2   | Found a staircase to the Shoals.
 15742 | Lair:3   | Identified the +2 pair of gloves of Abstinence {rF+} (You acquired it on level 3 of the Lair of Beasts)
 15935 | Lair:3   | Found a staircase to the Snake Pit.
 16095 | Lair:3   | Reached XP level 13. HP: 98/98 MP: 27/27
 16543 | Lair:4   | Identified the +6 scale mail of Bedevilment {rElec rC+ MR+ rCorr} (You found it on level 4 of the Lair of Beasts)
 17446 | Lair:5   | Noticed an ice dragon
 17460 | Lair:5   | Killed an ice dragon
 17694 | Lair:6   | Entered Level 6 of the Lair of Beasts
 17738 | Lair:6   | Noticed Josephine
 17810 | Lair:6   | Cast into level 2 of the Abyss (Josephine)
 17810 | Abyss:2  | Reached ****** piety under Hepliaklqana
 17889 | Abyss:2  | Found a corrupted altar of Lugonu.
 17988 | Abyss:2  | Lost mutation: Scrolls take you a little longer to read. [potion of mutation]
 17988 | Abyss:2  | Lost mutation: You are robust. (+10% HP) [potion of mutation]
 17988 | Abyss:2  | Lost mutation: You have an increased reservoir of magic. (+10% MP) [potion of mutation]
 17988 | Abyss:2  | Gained mutation: Armour fits poorly on your strangely shaped body. [potion of mutation]
 17988 | Abyss:2  | Gained mutation: You are somewhat resistant to further mutation. [potion of mutation]
 17988 | Abyss:2  | Gained mutation: You are weak. (Str -2) [potion of mutation]
 18083 | Abyss:2  | Noticed a cyan very ugly thing
 18095 | Abyss:2  | Noticed a tentacled starspawn
 18292 | Abyss:2  | Noticed a starcursed mass
 18616 | Abyss:3  | Noticed an eidolon
 18635 | Abyss:3  | Slain by a large abomination

Vault maps used:
D:1:      minmay_arrival_plants_in_alcoves, minmay_pentomino_x4
D:2:      cheibrodos_pilgrimage, lemuel_crystal_altar, uniq_terence
D:3:      fedhas_altar_4, hangedman_decor_points, uniq_crazy_yiuf_cottage,
          uniq_sigmund
D:4:      nicolae_overflow_crystal_walls, nicolae_overflow_hidden_temple,
          old_standard_altar, first_ration, serial_shops, kennysheep_mini_moat,
          nicolae_ossuary_entry_monument
D:5:      yredelemnul_altar_generic, ashenzari_conservatory_becter,
          serial_column_ruins, column_ruins_hut, column_ruins_open_large,
          column_ruins_grid_1, column_ruins_grid_3, column_ruins_grid_1,
          column_ruins_open_medium, nicolae_ru_the_path_less_chosen
D:6:      lemuel_crystal_altar, vehumet_altar_wand_db, kennysheep_little_box,
          minmay_temple_entry_statues_fountains, basic_altar
D:7:      minmay_small_thing
D:8:      serial_shops, shop, uniq_grum
D:9:      kennysheep_vampire_church, basic_altar, grunt_ogre_cave
D:10:     david_lair_shrubbed, erik_orc_1, minivault_19
D:11:     portal_ice_cave_entry_pillars_1, basic_altar, minivault_1,
          minmay_misc_feat_columns
D:12:     ebering_ghost_gozag, kennysheep_generic_room_8
Lair:2:   elwin_shoals_entry_rooms, lemuel_fruit_fields
Lair:3:   guppyfry_snake_entry_island
Lair:4:   lemuel_fruit_tree
Lair:5:   bobbens_ice_dragon_lair
Lair:6:   hangedman_lair_caniforms_friends, guppyfry_lair_end_dragon,
          minmay_slime_entry_oklob_open, minmay_lair_oklob_chamber,
          uniq_josephine
Abyss:3:  evilmike_abyss_rune_ettins
Ossuary:  ossuary_tomb_1

Skill      XL: |  1  2  3  4  5  6  7  8  9 10 11 12 13 |
---------------+----------------------------------------+-----
Invocations    | 1 2 3 4 5 6 7 8 9 |  9.1
Short Blades   | 1 2 3 4 5 6 7 8 |  8.3
Long Blades    | 1 2 3 4 5 6 7 8 |  8.3
Axes           | 1 2 3 4 5 6 7 8 |  8.3
Maces & Flails | 1 2 3 4 5 6 7 8 |  8.3
Polearms       | 1 2 3 4 5 6 7 8 |  8.3
Staves         | 1 2 3 4 5 6 7 8 |  8.3
Slings         | 1 2 3 4 5 6 7 8 |  8.3
Bows           | 1 2 3 4 5 6 7 8 |  8.3
Throwing       | 1 2 3 4 5 6 7 8 |  8.3
Armour         | 1 2 3 4 5 6 7 8 |  8.3
Stealth        | 1 2 3 4 5 6 7 8 |  8.3
Shields        | 1 2 3 4 5 6 7 8 |  8.3
Unarmed Combat | 1 2 3 4 5 6 7 8 |  8.3
Evocations     | 1 2 3 4 5 6 7 8 |  8.3
Spellcasting   | 3 4 5 6 7 8 |  8.9
Conjurations   | 1 2 3 4 5 6 7 |  7.0
Charms         | 1 2 3 4 5 6 7 |  7.0
Summonings     | 1 2 3 4 5 6 7 |  7.0
Necromancy     | 1 2 3 4 5 6 7 |  7.0
Translocations | 1 2 3 4 5 6 7 |  7.0
Transmutations | 1 2 3 4 5 6 7 |  7.0
Fire Magic     | 1 2 3 4 5 6 7 |  7.0
Ice Magic      | 1 2 3 4 5 6 7 |  7.0
Air Magic      | 1 2 3 4 5 6 7 |  7.0
Earth Magic    | 1 2 3 4 5 6 7 |  7.0
Poison Magic   | 1 2 3 4 5 6 7 |  7.0
Fighting       | 3 4 5 6 7 8 |  8.8
Crossbows      | 5 6 7 8 9 |  9.6
Dodging        | 5 6 7 8 9 |  9.6
Hexes          | 6 7 8 9 |  9.0

Action                   |  1- 3 |  4- 6 |  7- 9 | 10-12 | 13-15 || total
-------------------------+-------+-------+-------+-------+-------++-------
Melee: Unarmed           |     7 |       |       |       |       ||     7
       Dagger            |     9 |   156 |   421 |   779 |     3 ||  1368
       Bite              |     2 |    21 |    65 |   112 |    32 ||   232
       Punch             |       |     3 |     6 |    19 |       ||    28
       Quarterstaff      |       |       |   137 |    19 |       ||   156
       Lajatang          |       |       |       |    69 |   260 ||   329
 Fire: Hand crossbow     |    89 |    21 |    10 |    21 |       ||   141
       Triple crossbow   |       |       |       |    15 |     8 ||    23
Throw: Javelin           |       |       |       |     3 |       ||     3
 Cast: Animate Skeleton  |       |       |     8 |    83 |    16 ||   107
Invok: Recall Ancestor   |       |       |       |     7 |     2 ||     9
       Ancestor Life: He |       |       |       |     1 |       ||     1
       Ancestor Identity |       |       |       |     1 |       ||     1
Evoke: Wand              |       |       |     7 |     9 |       ||    16
  Use: Potion            |     2 |       |       |     1 |     5 ||     8
       Scroll            |       |       |    16 |    16 |    10 ||    42
 Stab: Petrified         |       |       |     2 |       |       ||     2
       Paralysed         |       |       |     1 |       |       ||     1
       Held in net/web   |       |       |     1 |       |       ||     1
       Sleeping          |       |       |     5 |    20 |     3 ||    28
       Distracted        |       |       |     1 |    20 |     5 ||    26
       Confused          |       |       |       |    14 |     2 ||    16
  Eat: Chunk             |       |     7 |     8 |    31 |     5 ||    51
       Ration            |       |       |     2 |       |     1 ||     3
Armor: Ring mail         |    27 |    23 |   169 |   221 |    20 ||   460
       Scale mail        |       |       |       |       |   134 ||   134
Dodge: Dodged            |    62 |    92 |   324 |   474 |   225 ||  1177
       Deflected         |       |     2 |     2 |       |       ||     4
Block: Buckler           |       |       |       |    46 |       ||    46

Table legend:
 A = Spawn XP
 B = Non-spawn XP
 C = Spawn XP percentage of total XP
 D = Spawn monster count
 E = Non-spawn monster count
 F = Spawn count percentage of total count
 G = Total turns spent on level
                    A         B        C        D         E        F      G
               +---------+---------+-------+---------+---------+-------+---------
         Total |    3424 |   43779 |   7.3 |      12 |     495 |   2.4 | 18635
               +---------+---------+-------+---------+---------+-------+---------
           D:1 |       0 |     142 |   0.0 |       0 |      46 |   0.0 |  1763
           D:2 |       0 |     244 |   0.0 |       0 |      28 |   0.0 |  1226
           D:3 |       0 |     461 |   0.0 |       0 |      18 |   0.0 |  1139
           D:4 |       0 |     418 |   0.0 |       0 |      21 |   0.0 |   731
           D:5 |       0 |     481 |   0.0 |       0 |      18 |   0.0 |  1062
           D:6 |       0 |     812 |   0.0 |       0 |      32 |   0.0 |   859
           D:7 |       0 |    3510 |   0.0 |       0 |      37 |   0.0 |  1614
           D:8 |       0 |    2340 |   0.0 |       0 |      27 |   0.0 |  1289
           D:9 |       0 |    2647 |   0.0 |       0 |      42 |   0.0 |   979
          D:10 |       0 |    4101 |   0.0 |       0 |      42 |   0.0 |  1347
          D:11 |       0 |    5176 |   0.0 |       0 |      38 |   0.0 |  1094
          D:12 |       0 |    2758 |   0.0 |       0 |      15 |   0.0 |   898
        Lair:1 |       0 |    2687 |   0.0 |       0 |       7 |   0.0 |   655
        Lair:2 |       0 |    4923 |   0.0 |       0 |      27 |   0.0 |   622
        Lair:3 |       0 |    1729 |   0.0 |       0 |      13 |   0.0 |   733
        Lair:4 |       0 |    2330 |   0.0 |       0 |      14 |   0.0 |   659
        Lair:5 |       0 |    5660 |   0.0 |       0 |      23 |   0.0 |   710
        Lair:6 |       0 |     107 |   0.0 |       0 |       1 |   0.0 |    14
       Abyss:2 |    1831 |    1063 |  63.3 |       6 |       2 |  75.0 |   490
       Abyss:3 |    1593 |    1796 |  47.0 |       6 |       5 |  54.5 |   335
       Ossuary |       0 |     394 |   0.0 |       0 |      39 |   0.0 |   416
               +---------+---------+-------+---------+---------+-------+---------

Action                   |  1- 3 |  4- 6 |  7- 9 | 10-12 | 13-15 || total
-------------------------+-------+-------+-------+-------+-------++-------
Melee: Unarmed           |     7 |       |       |       |       ||     7
       Dagger            |     9 |   156 |   421 |   779 |     3 ||  1368
       Bite              |     2 |    21 |    65 |   112 |    32 ||   232
       Punch             |       |     3 |     6 |    19 |       ||    28
       Quarterstaff      |       |       |   137 |    19 |       ||   156
       Lajatang          |       |       |       |    69 |   260 ||   329
 Fire: Hand crossbow     |    89 |    21 |    10 |    21 |       ||   141
       Triple crossbow   |       |       |       |    15 |     8 ||    23
Throw: Javelin           |       |       |       |     3 |       ||     3
 Cast: Animate Skeleton  |       |       |     8 |    83 |    16 ||   107
Invok: Recall Ancestor   |       |       |       |     7 |     2 ||     9
       Ancestor Life: He |       |       |       |     1 |       ||     1
       Ancestor Identity |       |       |       |     1 |       ||     1
Evoke: Wand              |       |       |     7 |     9 |       ||    16
  Use: Potion            |     2 |       |       |     1 |     5 ||     8
       Scroll            |       |       |    16 |    16 |    10 ||    42
 Stab: Petrified         |       |       |     2 |       |       ||     2
       Paralysed         |       |       |     1 |       |       ||     1
       Held in net/web   |       |       |     1 |       |       ||     1
       Sleeping          |       |       |     5 |    20 |     3 ||    28
       Distracted        |       |       |     1 |    20 |     5 ||    26
       Confused          |       |       |       |    14 |     2 ||    16
  Eat: Chunk             |       |     7 |     8 |    31 |     5 ||    51
       Ration            |       |       |     2 |       |     1 ||     3
Armor: Ring mail         |    27 |    23 |   169 |   221 |    20 ||   460
       Scale mail        |       |       |       |       |   134 ||   134
Dodge: Dodged            |    62 |    92 |   324 |   474 |   225 ||  1177
       Deflected         |       |     2 |     2 |       |       ||     4
Block: Buckler           |       |       |       |    46 |       ||    46
